 Dungeon Crawl Stone Soup version 0.26-a0-631-ged93497179 (webtiles) character file.

Game seed: 3056211595678532135

6234 Gargoyl the Fighter (level 10, -5/82 HPs)
             Began as a Gnoll Abyssal Knight on Sept 12, 2020.
             Was a High Priest of Lugonu.
             Killed from afar by a kobold (33 damage)
             ... with an exploding inner flame
             ... hexed by the player character
             ... on level 10 of the Dungeon.
             The game lasted 00:15:16 (10035 turns).

Gargoyl the Fighter (Gnoll Abyssal Knight)         Turns: 10035, Time: 00:15:18

Health: -5/82      AC: 24    Str: 23    XL:     10   Next: 92%
Magic:  18/18      EV: 26    Int: 14    God:    Lugonu [*****.]
Gold:   1214       SH:  0    Dex: 25    Spells: 20/20 levels left

rFire    . . .     SeeInvis +   w - +8 dire flail of Context {spect, rC+ Dex+4}
rCold    + + .     Faith    .   (shield currently unavailable)
rNeg     . . .     Spirit   .   B - +0 plate armour
rPois    +         Reflect  .   p - +2 helmet
rElec    .         Harm     .   H - +0 cloak
rCorr    .         Rampage  .   b - +2 pair of gloves
MR       .....                  c - +2 pair of boots
Stlth    ..........             y - amulet "Lohuysm" {Acrobat rC+}
HPRegen  0.23/turn              m - +6 ring of strength
MPRegen  0.16/turn              v - ring "Puazak" {rPois Dex+5 SInv}

@: acrobat
A: distributed training, fangs 1, strong nose
a: Depart the Abyss, Bend Space, Banish, Corrupt, Enter the Abyss, Renounce
Religion


You were on level 10 of the Dungeon.
You worshipped Lugonu.
Lugonu was extremely pleased with you.
You visited 1 branch of the dungeon, and saw 10 of its levels.
You visited the Abyss 1 time.
You also visited: Ossuary.

You collected 2182 gold pieces.
You spent 968 gold pieces at shops.

Inventory:

Hand Weapons
 a - a +1 hand axe
 g - a +2 vorpal hand axe
 w - the +8 dire flail of Context (weapon) {spect, rC+ Dex+4}
   (You took it off an ogre on level 5 of the Dungeon)

   It retains the spirit of the tree from which it was made.
   In the hands of one skilled in evocations this spirit is drawn out to fight
   along side the wielder.
   It affects your dexterity (+4).
   It protects you from cold.
 A - the +3 great mace "Vezotz" {flame, rPois}
   (You found it on level 8 of the Dungeon)

   It has been specially enchanted to burn those struck by it, causing extra
   injury to most foes and up to half again as much damage against particularly
   susceptible opponents.
   It protects you from poison.
Armour
 b - a +2 pair of gloves (worn)
 c - a +2 pair of boots (worn)
 p - a +2 helmet (worn)
 B - a +0 plate armour (worn)
 H - a +0 cloak (worn)
Jewellery
 m - a +6 ring of strength (left hand)
 v - the ring "Puazak" (right hand) {rPois Dex+5 SInv}
   (You bought it in a shop on level 4 of the Dungeon)

   [ring of see invisible]

   It affects your dexterity (+5).
   It protects you from poison.
   It lets you see invisible.
 y - the amulet "Lohuysm" (around neck) {Acrobat rC+}
   (You bought it in a shop on level 4 of the Dungeon)

   [amulet of the acrobat]

   It helps you evade while moving and waiting.
   It protects you from cold.
 z - an uncursed ring of flight
Wands
 i - a wand of iceblast (5)
 s - a wand of paralysis (12)
 C - a wand of flame (32)
 G - a wand of polymorph (8)
Scrolls
 n - 5 scrolls of teleportation
 o - a scroll of identify
 u - 2 scrolls of remove curse
 x - 2 scrolls of fear
 D - 3 scrolls of immolation
Potions
 d - 5 potions of haste
 e - 5 potions of flight
 f - 5 potions of resistance {unknown}
 h - 6 potions of curing {unknown}
 j - 4 potions of invisibility {unknown}
 k - 2 potions of heal wounds
 l - 4 potions of might {unknown}
 q - 2 potions of brilliance {unknown}
 r - 2 potions of lignification {unknown}
 t - 2 potions of stabbing {unknown}
 E - a potion of mutation {unknown}


   Skills:
 + Level 8.8 Fighting
 + Level 5.7 Short Blades
 + Level 5.7 Long Blades
 + Level 7.4 Axes
 + Level 5.7 Maces & Flails
 + Level 5.7 Polearms
 + Level 5.7 Staves
 + Level 5.7 Slings
 + Level 5.7 Bows
 + Level 5.7 Crossbows
 + Level 5.7 Throwing
 + Level 7.4 Armour
 + Level 6.3 Dodging
 + Level 5.7 Stealth
 + Level 5.7 Shields
 + Level 5.7 Unarmed Combat
 + Level 5.7 Spellcasting
 + Level 4.7 Conjurations
 + Level 4.7 Hexes
 + Level 4.7 Summonings
 + Level 4.7 Necromancy
 + Level 4.7 Translocations
 + Level 4.7 Transmutations
 + Level 4.7 Fire Magic
 + Level 4.7 Ice Magic
 + Level 4.7 Air Magic
 + Level 4.7 Earth Magic
 + Level 4.7 Poison Magic
 + Level 7.9 Invocations
 + Level 5.7 Evocations


You had 20 spell levels left.
You didn't know any spells.
Your spell library was empty.

Dungeon Overview and Level Annotations

Branches:
Dungeon (10/15)            Temple (0/1) D:4             Orc (0/2) D:9
Ossuary (visited)
   Lair: D:8-11

Altars:
Dithmenos
Elyvilon
Kikubaaqudgha
Okawaru
Ru
Sif Muna
Trog
Uskayaw
Vehumet
Wu Jian
Xom
The Shining One
Beogh

Shops:
D:4 =   D:8 (


Innate Abilities, Weirdness & Mutations

Your experience applies equally to all skills.
You have very sharp teeth.
Your uncanny sense of smell can sniff out nearby items.


Message History

Unknown command.
You puncture the kobold!
The kobold explodes!
The fiery explosion engulfs the kobold!!!
The kobold explodes!
The fiery explosion engulfs you!
The fiery explosion engulfs the big kobold!!
Flame seeps out of the big kobold.
The big kobold is almost dead.
Lugonu accepts your kill.
The fiery explosion engulfs the big kobold!!
The big kobold explodes!
The fiery explosion engulfs you!!!
The fiery explosion engulfs the kobold!!!
The kobold explodes!
The fiery explosion engulfs the kobold!!
You kill the kobold!
Lugonu accepts your kill. x3
The fiery explosion engulfs you!!
You die...

#.#.# #..#
#<.# ##.#
#.## #.#
#(### #§#.##
#§@..#
#§§§§..#
#§§§§...#
#..§§.....#
#...K......#
#)..........
#.........#.
#.........#


You could see a kobold.

Vanquished Creatures
  A two-headed ogre (D:9)
  Pikel (D:7)
  A manticore (D:9)
  4 hippogriffs
  The ghost of anything the Stinger, an amateur OpWn (D:5)
  Sigmund (D:3)
  5 orc warriors
  4 sky beasts
  5 ogres
  3 centaurs
  2 lemures (D:7)
  A big kobold (D:10)
  An elf zombie (Ossuary)
  3 bullfrogs
  A water moccasin skeleton (D:4)
  3 scorpions
  4 howler monkeys
  2 jellies (D:9)
  2 hounds
  A bullfrog zombie (D:5)
  8 orc priests
  4 human zombies
  2 bullfrog skeletons
  Jessica (D:2)
  6 iguanas
  9 orc wizards
  2 worker ants (D:9)
  2 big kobold zombies (Ossuary)
  2 hound skeletons
  3 hound zombies
  2 mummies (Ossuary)
  A howler monkey zombie (D:7)
  5 adders
  8 gnolls
  A howler monkey skeleton (D:9)
  A shadow imp (D:5)
  3 white imps
  An ufetubus (D:6)
  An ooze (D:6)
  An adder skeleton (D:5)
  3 adder zombies (Ossuary)
  4 dart slugs
  4 leopard geckos
  41 orcs
  2 giant cockroaches
  20 goblins
  9 hobgoblins
  6 jackals
  8 kobolds
  2 quokkas
  3 ball pythons
  9 bats
  4 frilled lizards
  A goblin zombie (Ossuary)
  6 hobgoblin zombies (Ossuary)
  13 kobold zombies (Ossuary)
  2 orc skeletons (D:4)
  11 orc zombies
  2 quokka zombies
  3 rats
262 creatures vanquished.

Notes
Turn   | Place    | Note
-------+----------+-------------------------------------------
     0 | Abyss:1  | Gargoyl the Gnoll Abyssal Knight began the quest for the
                  | Orb.
     0 | Abyss:1  | Reached XP level 1. HP: 23/23 MP: 3/3
    56 | Abyss:2  | Noticed a thrashing horror
    60 | Abyss:2  | Noticed a thrashing horror
    61 | D:1      | Escaped the Abyss
   120 | D:1      | Reached XP level 2. HP: 27/29 MP: 5/5
   198 | D:1      | Reached * piety under Lugonu
   385 | D:1      | Reached XP level 3. HP: 35/35 MP: 6/6
  1034 | D:2      | Found an iron altar of Okawaru.
  1040 | D:2      | Reached skill level 1 in Short Blades
  1040 | D:2      | Reached skill level 1 in Long Blades
  1040 | D:2      | Reached skill level 1 in Maces & Flails
  1040 | D:2      | Reached skill level 1 in Polearms
  1040 | D:2      | Reached skill level 1 in Staves
  1040 | D:2      | Reached skill level 1 in Slings
  1040 | D:2      | Reached skill level 1 in Bows
  1040 | D:2      | Reached skill level 1 in Crossbows
  1040 | D:2      | Reached skill level 1 in Throwing
  1040 | D:2      | Reached skill level 1 in Stealth
  1040 | D:2      | Reached skill level 1 in Shields
  1040 | D:2      | Reached skill level 1 in Unarmed Combat
  1040 | D:2      | Reached skill level 1 in Spellcasting
  1040 | D:2      | Reached skill level 1 in Evocations
  1106 | D:2      | Reached XP level 4. HP: 41/41 MP: 7/7
  1182 | D:2      | Noticed Jessica
  1189 | D:2      | Killed Jessica
  1189 | D:2      | Reached skill level 1 in Conjurations
  1189 | D:2      | Reached skill level 1 in Hexes
  1189 | D:2      | Reached skill level 1 in Summonings
  1189 | D:2      | Reached skill level 1 in Necromancy
  1189 | D:2      | Reached skill level 1 in Translocations
  1189 | D:2      | Reached skill level 1 in Transmutations
  1189 | D:2      | Reached skill level 1 in Fire Magic
  1189 | D:2      | Reached skill level 1 in Ice Magic
  1189 | D:2      | Reached skill level 1 in Air Magic
  1189 | D:2      | Reached skill level 1 in Earth Magic
  1189 | D:2      | Reached skill level 1 in Poison Magic
  1338 | D:2      | Found a shadowy altar of Dithmenos.
  1342 | D:2      | Found a white marble altar of Elyvilon.
  1521 | D:3      | Reached ** piety under Lugonu
  1567 | D:3      | Reached XP level 5. HP: 35/47 MP: 8/8
  2165 | D:3      | Noticed Sigmund
  2191 | D:3      | Killed Sigmund
  2191 | D:3      | Reached skill level 5 in Axes
  2191 | D:3      | Reached skill level 5 in Armour
  2191 | D:3      | Reached skill level 5 in Invocations
  2191 | D:3      | Reached XP level 6. HP: 23/53 MP: 9/9
  2478 | D:3      | Found an ornate altar of the Wu Jian Council.
  2709 | D:4      | Reached XP level 7. HP: 49/59 MP: 10/10
  2714 | D:4      | Found a staircase to the Ecumenical Temple.
  2854 | D:4      | Reached skill level 7 in Fighting
  2871 | D:4      | Found a sand-covered staircase.
  2876 | Ossuary  | Entered an ossuary
  2927 | Ossuary  | Reached *** piety under Lugonu
  3212 | D:4      | Reached **** piety under Lugonu
  3230 | D:4      | Found Bisealar's Jewellery Boutique.
  3679 | D:4      | Found a sacrificial altar of Ru.
  3713 | D:4      | Found a shimmering altar of Xom.
  3751 | D:4      | Reached XP level 8. HP: 61/67 MP: 12/12
  3808 | D:4      | Found a sacrificial altar of Ru.
  3808 | D:4      | Found a bloodstained altar of Trog.
  3809 | D:4      | Found a glowing golden altar of the Shining One.
  4030 | D:5      | Entered Level 5 of the Dungeon
  4056 | D:5      | Found a shimmering blue altar of Sif Muna.
  4160 | D:5      | Found a transporter.
  4160 | D:5      | Found a transporter.
  4160 | D:5      | Noticed anything's ghost (amateur OpWn)
  4161 | D:5      | Identified the +8 dire flail of Context {spect, rC+ Dex+4}
  4162 | D:5      | Identified the +8 dire flail of Context {spect, rC+ Dex+4}
  4178 | D:5      | Killed anything's ghost
  5267 | D:5      | Reached XP level 9. HP: 72/72 MP: 14/14
  6099 | D:7      | Reached ***** piety under Lugonu
  6107 | D:7      | Paralysed by an orc priest for 3 turns
  6319 | D:7      | Reached skill level 5 in Dodging
  6493 | D:6      | Reached skill level 8 in Fighting
  6906 | D:7      | Found a glowing golden altar of the Shining One.
  7115 | D:7      | Found an ancient bone altar of Kikubaaqudgha.
  7182 | D:7      | Noticed Pikel
  7196 | D:7      | Killed Pikel
  7196 | D:7      | Reached skill level 5 in Short Blades
  7196 | D:7      | Reached skill level 5 in Long Blades
  7196 | D:7      | Reached skill level 5 in Maces & Flails
  7196 | D:7      | Reached skill level 5 in Polearms
  7196 | D:7      | Reached skill level 5 in Staves
  7196 | D:7      | Reached skill level 5 in Slings
  7196 | D:7      | Reached skill level 5 in Bows
  7196 | D:7      | Reached skill level 5 in Crossbows
  7196 | D:7      | Reached skill level 5 in Throwing
  7196 | D:7      | Reached skill level 5 in Stealth
  7196 | D:7      | Reached skill level 5 in Shields
  7196 | D:7      | Reached skill level 5 in Unarmed Combat
  7196 | D:7      | Reached skill level 5 in Spellcasting
  7196 | D:7      | Reached skill level 5 in Evocations
  7196 | D:7      | Reached XP level 10. HP: 77/81 MP: 17/17
  7406 | D:8      | Identified a scroll of acquirement
  7406 | D:8      | Acquired 1610 gold pieces
  7537 | D:4      | Bought the ring "Puazak" {rPois Dex+5 SInv} for 440 gold
                  | pieces
  7539 | D:4      | Bought the amulet "Lohuysm" {Acrobat rC+} for 528 gold
                  | pieces
  7733 | D:8      | Got a fine great mace
  7734 | D:8      | Identified the cursed +3 great mace "Vezotz" {flame, rPois}
                  | (You found it on level 8 of the Dungeon)
  8037 | D:8      | Found Rovor's Antique Weapon Shoppe.
  8127 | D:8      | Found a hide-covered altar of Uskayaw.
  8363 | D:8      | Found a radiant altar of Vehumet.
  8697 | D:9      | Found a staircase to the Orcish Mines.
  8779 | D:9      | Noticed a two-headed ogre
  8787 | D:9      | Killed a two-headed ogre
  9115 | D:9      | Noticed a manticore
  9122 | D:9      | Killed a manticore
  9403 | D:9      | Found a roughly hewn altar of Beogh.
  9410 | D:9      | HP: 3/82 [orc priest/divine providence (11)]
 10025 | D:10     | Entered Level 10 of the Dungeon
 10035 | D:10     | Killed from afar by a kobold

Illustrated notes

Levels and vault maps discovered:
D:1:      wheals_arrival_shading, layout_basic
D:2:      layout_rooms, nicolae_overflow_hidden_temple,
          okawaru_altar_gauntlet_db, uniq_jessica
D:3:      layout_loops_ring, lemuel_crystal_altar, uniq_sigmund
D:4:      layout_loops_ring, brannock_xom_greatest_gift,
          gammafunk_temple_overflow_claw, minmay_temple_entry_grid,
          nicolae_ossuary_entry_catacombs, serial_shops, nicolae_shop_trees,
          minmay_parallelograms, nicolae_ru_awakened_eye
D:5:      minmay_chambers_of_fours, layout_basic, old_standard_altar,
          gammafunk_ghost_smash, minmay_ogre_servants
D:6:      minmay_clustersquares, layout_basic
D:7:      layout_gridville, kennysheep_mini_moat, tso_metal_star, uniq_pikel
D:8:      layout_loops_corners, vehumet_altar_wand_db,
          nicolae_overflow_crystal_walls, serial_shops, shop
D:9:      layout_irregular_city, minmay_orc_entry_temple_small
D:10:     layout_cave_pods, grunt_lair_entry_orc_guard_hut, enter_trove_5,
          chequers_serial_rivers_room_b, uniq_maurice

Skill      XL: |  1  2  3  4  5  6  7  8  9 10 |
---------------+-------------------------------+-----
Short Blades   | 1 2 3 5 |  5.7
Long Blades    | 1 2 3 5 |  5.7
Maces & Flails | 1 2 3 5 |  5.7
Polearms       | 1 2 3 5 |  5.7
Staves         | 1 2 3 5 |  5.7
Slings         | 1 2 3 5 |  5.7
Bows           | 1 2 3 5 |  5.7
Crossbows      | 1 2 3 5 |  5.7
Throwing       | 1 2 3 5 |  5.7
Stealth        | 1 2 3 5 |  5.7
Shields        | 1 2 3 5 |  5.7
Unarmed Combat | 1 2 3 5 |  5.7
Spellcasting   | 1 2 3 5 |  5.7
Evocations     | 1 2 3 5 |  5.7
Conjurations   | 1 2 3 4 |  4.7
Hexes          | 1 2 3 4 |  4.7
Summonings     | 1 2 3 4 |  4.7
Necromancy     | 1 2 3 4 |  4.7
Translocations | 1 2 3 4 |  4.7
Transmutations | 1 2 3 4 |  4.7
Fire Magic     | 1 2 3 4 |  4.7
Ice Magic      | 1 2 3 4 |  4.7
Air Magic      | 1 2 3 4 |  4.7
Earth Magic    | 1 2 3 4 |  4.7
Poison Magic   | 1 2 3 4 |  4.7
Dodging        | 3 4 5 6 |  6.3
Axes           | 5 6 7 |  7.4
Armour         | 5 6 7 |  7.4
Invocations    | 5 6 7 |  7.9
Fighting       | 7 8 |  8.8

Action                   |  1- 3 |  4- 6 |  7- 9 | 10-12 || total
-------------------------+-------+-------+-------+-------++-------
Melee: Hand axe          |    78 |   123 |   228 |       ||   429
       Bite              |     6 |     9 |    62 |    23 ||   100
       Punch             |       |     1 |     1 |       ||     2
       Dire flail        |       |       |   132 |   121 ||   253
Invok: Depart the Abyss  |     1 |       |       |       ||     1
       Bend Space        |       |       |       |     1 ||     1
  Use: Potion            |     2 |     1 |       |     1 ||     4
       Scroll            |     3 |     5 |     2 |    11 ||    21
 Stab: Sleeping          |       |     1 |     3 |       ||     4
       Distracted        |       |       |     1 |       ||     1
Armor: Leather armour    |    31 |     1 |       |       ||    32
       Scale mail        |       |    55 |   126 |       ||   181
       Plate armour      |       |       |    58 |    84 ||   142
Dodge: Dodged            |    79 |    68 |   208 |   169 ||   524

Table legend: (Time is in decaauts)
 A = Elapsed time spent in this place.
 B = Non-inter-level travel time spent in this place.
 C = Inter-level travel time spent in this place.
 D = Time resting spent in this place.
 E = Time spent auto-exploring this place.
 F = Levels seen in this place.
 G = Mean time per level.
                   A        B        C        D        E       F      G
               +--------+--------+--------+--------+--------+-----+--------+
         Total |  10064 |   9494 |    570 |   1495 |   5645 |  13 |  774.2 |
       Dungeon |   9681 |   9111 |    570 |   1495 |   5573 |  10 |  968.1 |
         Abyss |     60 |     60 |      0 |      0 |     38 |   2 |   30.0 |
       Ossuary |    322 |    322 |      0 |      0 |     34 |   1 |  322.0 |
               +--------+--------+--------+--------+--------+-----+--------+

Top non-repeatable levels by time:
     D:5: 1460 daAuts
     D:9: 1180 daAuts
     D:8: 1170 daAuts
     D:4: 1160 daAuts
     D:3: 1116 daAuts
     D:6: 1092 daAuts
     D:7: 1030 daAuts
     D:1: 874 daAuts
     D:2: 585 daAuts
 Ossuary: 322 daAuts
 Abyss:1: 38 daAuts
 Abyss:2: 22 daAuts
    D:10: 9 daAuts
